 Dungeon Crawl Stone Soup version 0.29-a0-542-g075992c915 (webtiles) character file.

Game seed: 3736504955124893769

19018 Bruhh the Grappler (level 12, -6/100 (126) HPs)
             Began as a Troll Gladiator on June 3, 2022.
             Was a High Priest of Okawaru.
             Mangled by a cane toad (20 damage)
             ... on level 3 of the Lair of Beasts.
             The game lasted 00:22:20 (12930 turns).

Bruhh the Grappler (Troll Gladiator)               Turns: 12930, Time: 00:22:20

HP:   -6/100 (126)  AC:  7    Str: 29    XL:     12   Next: 32%
MP:   17/17         EV: 10    Int:  4    God:    Okawaru [*****.]
Gold: 198           SH:  0    Dex: 11    Spells: 11/11 levels left

rFire   . . .      SeeInvis .     - Unarmed
rCold   . . .      Faith    .   (no shield)
rNeg    . . .      Spirit   .   F - +0 troll leather armour
rPois   .          Reflect  .   b - +0 hat
rElec   .          Harm     .   e - +0 cloak
rCorr   .          Rampage  .   (gloves unavailable)
Will    .....                   (boots unavailable)
Stlth   +.........              (no amulet)
HPRegen 1.86/turn               (no ring)
MPRegen 0.15/turn               (no ring)

@: about to teleport, heavily drained
A: large, unfitting armour, claws 3, regeneration 1, shaggy fur 1, tough skin 1
a: Renounce Religion, Heroism, Finesse, Duel


You were on level 3 of the Lair of Beasts.
You worshipped Okawaru.
Okawaru was extremely pleased with you.
You visited 3 branches of the dungeon, and saw 15 of its levels.

You collected 718 gold pieces.
You spent 520 gold pieces at shops.

Inventory:

Hand Weapons
 o - a +0 rapier of venom
Missiles
 c - 2 throwing nets
 H - 5 boomerangs (quivered)
 I - 9 silver boomerangs
 J - a large rock
 L - 5 silver javelins
Armour
 a - a +0 robe
 b - a +0 hat (worn)
 d - a +2 kite shield of protection
 e - a +0 cloak (worn)
 F - a +0 troll leather armour (worn)
 R - the +2 robe "Tuilom" {rPois SInv}
   (Okawaru gifted it to you on level 4 of the Lair of Beasts)

   rPois:     It protects you from poison.
   SInv:      It lets you see invisible.
Jewellery
 q - a ring of magical power
 r - the ring of Undoing {Fly rC+ rN+ Str+3 Slay+2}
   (You found it on level 1 of the Lair of Beasts)

   [ring of protection from cold]

   Str:       It affects your strength (+3).
   Slay:      It affects your accuracy & damage with ranged weapons and melee
   (+2).
   rC:        It protects you from cold.
   rN:        It protects you from negative energy.
   Fly:       It grants you flight.
 w - a ring of ice
 G - a ring of ice
Wands
 t - a wand of flame (31)
 v - a wand of iceblast (6)
 N - a wand of acid (3)
 P - a wand of polymorph (5)
Scrolls
 f - 6 scrolls of enchant weapon
 g - a scroll of fear {unknown}
 h - a scroll of blinking
 i - 3 scrolls of silence
 j - a scroll of torment
 l - 2 scrolls of summoning
 m - 3 scrolls of teleportation
 n - a scroll of fog
 u - 4 scrolls of magic mapping
 y - 3 scrolls of amnesia
 C - a scroll of noise
 E - a scroll of poison {unknown}
 K - a scroll of vulnerability {unknown}
 M - 3 scrolls of identify
Potions
 k - 4 potions of degeneration
 p - 2 potions of attraction {unknown}
 s - 2 potions of haste
 x - 2 potions of curing
 z - 3 potions of mutation {unknown}
 A - 2 potions of flight {unknown}
 B - 2 potions of heal wounds
 D - a potion of resistance {unknown}
 O - a potion of might
Miscellaneous
 Q - a phial of floods


   Skills:
 - Level 10.0 Fighting
 + Level 9.9 Throwing
 - Level 2.4 Dodging
 - Level 10.0 Unarmed Combat
 - Level 9.0 Invocations


You had 11 spell levels left.
You didn't know any spells.
Your spell library contained the following spells:

 Spells                   Type           Power      Damage    Failure   Level
 Foxfire                  Conj/Fire      0%         2x1d4     54%         1
 Magic Dart               Conj           0%         1d3       54%         1
 Conjure Flame            Conj/Fire      0%         6-21      88%         3
 Ignite Poison            Fire/Tmut/Pois 0%         N/A       88%         3
 Inner Flame              Hex/Fire       0%         N/A       88%         3
 Mephitic Cloud           Conj/Pois/Air  0%         N/A       88%         3
 Flame Wave               Conj/Fire      0%         2d4       99%         4
 Sticky Flame             Conj/Fire      0%         2d3       99%         4
 Freezing Cloud           Conj/Ice/Air   0%         6-21      100%        5
 Call Imp                 Summ           Unusable   N/A       N/A         2

Dungeon Overview and Level Annotations

Branches:
Dungeon (10/15)            Temple (1/1) D:4            Lair (4/6) D:8
  Swamp: Lair:2-4    Shoals: Lair:2-4     Snake: Lair:2-4    Spider: Lair:2-4
    Orc: D:9-12

Altars:
Ashenzari
Cheibriados
Dithmenos
Elyvilon
Fedhas
Gozag
Hepliaklqana
Kikubaaqudgha
Makhleb
Nemelex Xobeh
Okawaru
Qazlal
Ru
Sif Muna
Trog
Uskayaw
Vehumet
Wu Jian
Xom
Yredelemnul
Zin
The Shining One

Shops:
D:2 (   D:3 *   D:4 *   D:6 **   D:9 *

Annotations:
D:9 3 runed translucent doors, Zero's ghost, novice DrIE; anet's ghost, novice GrCj; crabbyslav's ghost, journeyman DsBe; supermoro's ghost, novice DECj


Innate Abilities, Weirdness & Mutations

You are too large for most types of armour.
You have claws for hands.
Your natural rate of healing is unusually fast.
You are covered in fur. (AC +1)
You have tough skin. (AC +1)


Message History

Done waiting.
You climb downwards.
The hell rat misses you. The cane toad misses you.
The hell rat barely misses you. x2; The cane toad stings you!!
You are poisoned.
The cane toad poisons you! The hell rat bites you.
There is a stone staircase leading up, spattered with blood here.
Unknown command.
You feel better. The hell rat bites you!
The cane toad stings you but does no damage.
The hell rat bites you but does no damage.
Unknown command.
You scratch the cane toad but do no damage.
Your claw misses the cane toad. The hell rat bites you!
The cane toad stings you!
You are poisoned.
The cane toad poisons you! The hell rat bites you!
Unknown command.
You feel better. The hell rat bites you! The cane toad barely misses you.
The hell rat bites you!
You feel drained. The hell rat bites you.
As you read the scroll of teleportation, it crumbles to dust.
You feel strangely unstable. The cane toad barely misses you.
The hell rat bites you.
* * * LOW HITPOINT WARNING * * *
The hell rat closely misses you.
Unknown command.
The cane toad attacks as you move away! The cane toad stings you!
* * * LOW HITPOINT WARNING * * *
You are poisoned.
The cane toad poisons you!
You feel very sick.
The hell rat bites you but does no damage.
The hell rat bites you!
* * * LOW HITPOINT WARNING * * *
Blink to where?
Press: ? - help, Dir - move target
As you read the scroll of blinking, it crumbles to dust.
You feel sick.
You feel better. The cane toad attacks as you move away!
The cane toad stings you!!
You die...

..P....## #.#....#####......##
........### #...............###
..........#####.#.....⌠....######
..........P##PP..##.......#...#..
...............P..#.⌠...⌠.#......
..............##.##.......#.#....
.......###..##.#.#....⌠....#...#.
.........###.#.#............##.##
.........#####.F@..##..###....#..
...#.#...#..rrr......#..##.......
..####...#.<....#...........⌠....
.## ##...#...r..###..............
..# #.......##### #.##....##.###.
.####...#..### #####..##...#..
..##.#.#.#.#.## #P...#......
..............## ##..........
...#.#.#.#.#.#.# ###.......###.


You could see a cane toad and 4 hell rats.

Vanquished Creatures
  2 hydras (Lair:1)
  A two-headed ogre (D:10)
  Amaemon (Lair:1)
  Nergalle (Arena)
  A deep elf pyromancer (D:10)
  A black mamba (Lair:2)
  An orange demon (Lair:1)
  7 cane toads
  A rime drake (Lair:2)
  4 komodo dragons
  A troll (D:9)
  6 blink frogs
  Sigmund (D:3)
  A shadow (D:10)
  2 wyverns
  Eustachio (D:4)
  22 yaks
  4 basilisks
  A steam dragon (D:7)
  6 water moccasins
  4 ice beasts
  5 orc warriors
  6 wolves
  A black bear (D:6)
  An ogre (D:7)
  3 centaurs (D:9)
  A kobold brigand (D:8)
  A gnoll sergeant (D:6)
  13 bullfrogs
  A necrophage (D:6)
  2 scorpions
  8 wights
  19 killer bees
  7 howler monkeys
  4 jellies
  4 hounds
  8 orc priests
  A gnoll shaman (D:4)
  2 iguanas
  6 orc wizards
  3 hell rats
  2 adders
  10 gnolls
  A white imp (D:7)
  5 worms
  50 orcs
  6 ball pythons
  10 endoplasms
  3 giant cockroaches
  9 goblins
  3 hobgoblins
  6 jackals (D:1)
  13 kobolds
  3 quokkas
  5 bats
  3 frilled lizards
  3 rats
297 creatures vanquished.

Vanquished Creatures (others)
  7 fungi
  9 plants
16 creatures vanquished.

Grand Total: 313 creatures vanquished

Notes
Turn   | Place    | Note
-------+----------+-------------------------------------------
     0 | D:1      | Bruhh the Troll Gladiator began the quest for the Orb.
     0 | D:1      | Reached XP level 1. HP: 19/19 MP: 0/0
    59 | D:1      | Reached XP level 2. HP: 27/27 MP: 1/1
   336 | D:1      | Reached XP level 3. HP: 30/33 MP: 2/2
   484 | D:2      | Found a faded altar of an unknown god.
   744 | D:1      | Reached skill level 5 in Unarmed Combat
   744 | D:1      | Reached XP level 4. HP: 35/41 MP: 3/3
  1008 | D:2      | Found Fohageq's Weapon Emporium.
  1013 | D:2      | Identified the +4 chain mail "Ovvukh" {MP+9 Int+3 Slay-6}
  1374 | D:3      | Noticed Sigmund
  1382 | D:2      | Reached XP level 5. HP: 44/48 MP: 4/4
  1440 | D:3      | Found Wosuex's General Store.
  1753 | D:3      | Killed Sigmund
  1754 | D:3      | Reached XP level 6. HP: 49/55 MP: 5/5
  1863 | D:4      | Noticed Eustachio
  1874 | D:4      | Killed Eustachio
  1875 | D:4      | Reached XP level 7. HP: 44/62 MP: 6/6
  2164 | D:4      | Found a staircase to the Ecumenical Temple.
  2166 | D:4      | You fall into a shaft and drop 1 floor!
  2166 | D:5      | Entered Level 5 of the Dungeon
  2329 | Temple   | Entered the Ecumenical Temple
  2452 | Temple   | Became a worshipper of Warmaster Okawaru
  2693 | D:4      | Found Sasik's Assorted Antiques.
  3731 | D:6      | Reached XP level 8. HP: 67/70 MP: 7/7
  3748 | D:6      | Noticed an angel
  3837 | D:6      | Reached skill level 10 in Unarmed Combat
  3887 | D:6      | Reached * piety under Okawaru
  3986 | D:6      | Found Fecris's Lightly-Used Armoury.
  4403 | D:6      | Found Daiphiat's Hallowed Reliquary.
  4732 | D:7      | Reached skill level 5 in Fighting
  4911 | D:7      | Reached ** piety under Okawaru
  4912 | D:7      | Reached XP level 9. HP: 87/89 MP: 8/8
  5068 | D:7      | Found a radiant altar of Vehumet.
  5187 | D:7      | Reached *** piety under Okawaru
  5682 | D:8      | Found a staircase to the Lair.
  6221 | D:8      | Identified the +10 shortbow "Napsiv" {flame, *Slow rElec
                  | rC+}
  6448 | D:9      | Reached skill level 1 in Invocations
  6448 | D:9      | Reached XP level 10. HP: 105/107 MP: 9/9
  6875 | D:9      | Reached **** piety under Okawaru
  6925 | D:9      | Found a runed translucent gate.
  6925 | D:9      | Found a runed translucent gate.
  6959 | D:9      | Found a runed translucent gate.
  6959 | D:9      | Noticed Zero's ghost (novice DrIE)
  6959 | D:9      | Noticed supermoro's ghost (novice DECj)
  6961 | D:9      | Noticed crabbyslav's ghost (journeyman DsBe)
  6965 | D:9      | Noticed anet's ghost (novice GrCj)
  7310 | D:9      | Reached skill level 10 in Fighting
  7448 | D:9      | Found Voicoib's Fire Supplies.
  7673 | D:10     | Entered Level 10 of the Dungeon
  7674 | D:10     | Noticed a two-headed ogre
  7678 | D:10     | Noticed a deep elf pyromancer
  7681 | D:10     | Killed a two-headed ogre
  7682 | D:10     | Reached skill level 5 in Invocations
  7999 | D:10     | Killed a deep elf pyromancer
  7999 | D:10     | Reached ***** piety under Okawaru
  8000 | D:10     | Reached XP level 11. HP: 63/117 MP: 15/15
  8102 | Lair:1   | Entered Level 1 of the Lair of Beasts
  8145 | Lair:1   | Identified the ring of Undoing {Fly rC+ rN+ Str+3 Slay+2}
  8532 | D:6      | Bought 3 silver boomerangs for 54 gold pieces
  8532 | D:6      | Bought 6 silver javelins for 172 gold pieces
  8532 | D:6      | Bought 5 silver boomerangs for 90 gold pieces
  8532 | D:6      | Bought a potion of heal wounds for 60 gold pieces
  8532 | D:6      | Bought 2 potions of curing for 72 gold pieces
  8532 | D:6      | Bought 2 silver boomerangs for 36 gold pieces
  8532 | D:6      | Bought a potion of curing for 36 gold pieces
  8919 | Lair:1   | Noticed Amaemon
  8928 | Lair:1   | Killed Amaemon
  8928 | Lair:1   | Received a gift from Okawaru
  9170 | Lair:1   | Noticed a five-headed hydra
  9374 | Lair:1   | Killed a six-headed hydra
  9570 | Lair:1   | Noticed an eight-headed hydra
  9575 | Lair:1   | Killed an eight-headed hydra
  9576 | Lair:1   | Reached skill level 5 in Throwing
  9735 | Lair:2   | Noticed Nergalle
 10314 | Arena    | Entered the Arena
 10320 | Arena    | Killed Nergalle
 11039 | Lair:3   | Reached XP level 12. HP: 126/126 MP: 17/17
 11079 | Lair:3   | Got Vehumet's Disquisition on Conjuration
 11274 | Lair:3   | Received a gift from Okawaru
 12515 | Lair:4   | Identified the +2 robe "Tuilom" {rPois SInv} (Okawaru
                  | gifted it to you on level 4 of the Lair of Beasts)
 12515 | Lair:4   | Received a gift from Okawaru
 12930 | Lair:3   | Mangled by a cane toad

Illustrated notes

Levels and vault maps discovered:
D:1:      dpeg_arrival_pond, layout_rooms
D:2:      layout_loops_ring, basic_ecumenical_altar, serial_shops,
          nicolae_shop_bloodbath_and_beyond, serial_park_tiny_pond
D:3:      layout_loops_cross, serial_shops, shop, uniq_sigmund
D:4:      layout_gridville, minmay_temple_entry_wispy, serial_shops,
          nicolae_square_shop, chequers_avenue, minmay_misc_feat_diagonals,
          hangedman_abyss_or_decor_lesser_grid, uniq_eustachio
D:5:      layout_gridville
D:6:      layout_loops_corners, minmay_shop_damaged, nicolae_good_shop
D:7:      layout_rooms, fiery_altar_vehumet
D:8:      layout_layer_cave, lair_entry_dummy
D:9:      layout_basic, gammafunk_ghost_cemetery, serial_curves, eino_curves_04,
          eino_curves_03, nicolae_shop_fire_sale [nicolae_sub_dead_trees]
D:10:     minmay_razor_zed, layout_rooms
Temple:   kilobyte_greek_temple
Lair:1:   cheibrodos_lair_river_kwai, layout_regular_city, uniq_amaemon
Lair:2:   layout_loops_ring, gauntlet_entry_generic, beast_lair_carwin_3,
          grunt_megastairs_2, uniq_nergalle
Lair:3:   wander_river, layout_layer_cave, enter_volcano_4, st_stairs_10,
          grunt_megastairs_4
Lair:4:   layout_hall_layers, elwin_shoals_entry_rocks,
          nicolae_spider_entry_non_spiders, grunt_megastairs_5,
          infiniplex_staircase_pool_2

Skill      XL: |  1  2  3  4  5  6  7  8  9 10 11 12 |
---------------+-------------------------------------+-----
Unarmed Combat | 4 5 7 8 9 10 | 10.0
Fighting       | 6 9 10 | 10.0
Invocations    | 1 7 9 |  9.0
Throwing       | 8 9 |  9.9
Dodging        | |  2.4

Action                   |  1- 3 |  4- 6 |  7- 9 | 10-12 || total
-------------------------+-------+-------+-------+-------++-------
Melee: Unarmed           |    99 |    74 |   330 |   368 ||   871
       Punch             |     1 |     3 |     7 |    19 ||    30
Throw: Throwing net      |       |     3 |       |       ||     3
       Javelin           |       |       |       |    16 ||    16
       Boomerang         |       |       |       |    36 ||    36
       Large rock        |       |       |       |     3 ||     3
Invok: Heroism           |       |       |     1 |     2 ||     3
       Finesse           |       |       |       |     1 ||     1
       Duel              |       |       |       |     1 ||     1
  Use: Scroll            |       |       |    13 |     7 ||    20
       Potion            |       |       |     3 |     8 ||    11
 Stab: Sleeping          |     1 |       |     1 |       ||     2
Armor: Robe              |    48 |    22 |    79 |    19 ||   168
       Troll leather arm |       |       |       |   128 ||   128
Dodge: Dodged            |    59 |    31 |   167 |   228 ||   485

Table legend: (Time is in decaauts)
 A = Elapsed time spent in this place.
 B = Non-inter-level travel time spent in this place.
 C = Inter-level travel time spent in this place.
 D = Time resting spent in this place.
 E = Time spent auto-exploring this place.
 F = Levels seen in this place.
 G = Mean time per level.
                   A        B        C        D        E       F      G
               +--------+--------+--------+--------+--------+-----+--------+
         Total |  12851 |  11810 |   1041 |   1837 |   7759 |  16 |  803.2 |
       Dungeon |   8316 |   7534 |    782 |    645 |   5285 |  10 |  831.6 |
        Temple |    155 |    124 |     31 |      0 |    108 |   1 |  155.0 |
          Lair |   4361 |   4133 |    228 |   1184 |   2366 |   4 | 1090.2 |
         Arena |     18 |     18 |      0 |      8 |      0 |   1 |   18.0 |
               +--------+--------+--------+--------+--------+-----+--------+

Top non-repeatable levels by time:
  Lair:1: 1558 daAuts
  Lair:2: 1412 daAuts
     D:9: 1389 daAuts
     D:8: 1367 daAuts
  Lair:3: 1357 daAuts
     D:6: 1111 daAuts
     D:4: 1015 daAuts
     D:7: 900 daAuts
     D:3: 706 daAuts
     D:2: 653 daAuts
     D:5: 642 daAuts
     D:1: 489 daAuts
  Temple: 155 daAuts
    D:10: 41 daAuts
  Lair:4: 32 daAuts
